 Dungeon Crawl Stone Soup version 0.21-a0-91-ga5031da (webtiles) character file.

45 Ordine the Skirmisher (level 3, -6/26 HPs)
             Began as an Octopode Fighter on June 30, 2017.
             Mangled by a two-headed ogre
             ... wielding a +0 giant spiked club
              (21 damage)
             ... on level 3 of the Dungeon.
             The game lasted 00:02:26 (1343 turns).

Ordine the Skirmisher (Octopode Fighter)            Turns: 1343, Time: 00:02:26

Health: -6/26      AC:  1    Str: 15    XL:     3   Next: 64%
Magic:  3/3        EV: 11    Int: 10    God:
Gold:   103        SH:  8    Dex: 12    Spells: 2/2 levels left

rFire    . . .     SeeInvis .   a - +0 long sword
rCold    . . .     Gourm    .   b - +0 shield
rNeg     . . .     Faith    .   (helmet restricted)
rPois    .         Spirit   .   (no amulet)
rElec    .         Reflect  .   l - ring of wizardry
rCorr    .         Harm     .   (no ring)
MR       .....                  (no ring)
Stlth    ++........             (no ring)
HPRegen  0.08/turn              (no ring)
MPRegen  0.08/turn              (no ring)
                                (no ring)
                                (no ring)

@: no status effects
A: almost no armour, stealthy swim, amphibious, 8 rings, constrict 8, camouflage
1, gelatinous body 1
a: no special abilities


You were on level 3 of the Dungeon.
You were not hungry.

You visited 1 branch of the dungeon, and saw 3 of its levels.

You collected 103 gold pieces.

Inventory:

Hand Weapons
 a - a +0 long sword (weapon)
Missiles
 e - 131 stones (quivered)
 f - 4 tomahawks
 g - a throwing net
Armour
 b - a +0 shield (worn)
Jewellery
 l - a ring of wizardry (left tentacle)
Scrolls
 j - a scroll of amnesia
 m - a scroll of teleportation
Potions
 c - 2 potions of might
Comestibles
 d - 2 bread rations
 k - a fruit


   Skills:
 + Level 3.4 Fighting
 * Level 3.1 Long Blades
 - Level 3.0 Dodging
 + Level 3.3 Shields


You had 2 spell levels left.
You didn't know any spells.

Dungeon Overview and Level Annotations

Branches:
Dungeon (3/15)

Altars:
Elyvilon


Innate Abilities, Weirdness & Mutations

You cannot wear most types of armour.
You are very stealthy in the water. (Stealth+)
You are amphibious.
You can wear up to eight rings at the same time.
You can use your tentacles to constrict eight enemies at once.
Your skin changes colour to match your surroundings (Stealth+).
Your rubbery body absorbs attacks. (AC +1, EV +1)


Message History

No target in view!
A giant cockroach comes into view.
There is a stone staircase leading down here.
The giant cockroach closely misses you.
You slash the giant cockroach!
You kill the giant cockroach!
No target in view!
You see here a giant cockroach corpse.
A worm comes into view.
No target in view!
No target in view!
No target in view!
The worm is too close now for your liking.
A two-headed ogre comes into view.
It is wielding a giant spiked club and a giant club.
The two-headed ogre shouts in stereo!
Found a plate armour.
The worm bites you! The two-headed ogre barely misses you.
The two-headed ogre hits you with a giant club!!
Ouch! That really hurt!
You die...

#....# #....# #[......#
#####.#..### #.......##
....#...... .........
.#.##.#...#####.#....# #
.#.##.#...#...#.#......#
.#.##.#...#.#.#.#..#...#
.#<##.#†....#.#.#...####
.####>..........@O......
......#...#.#.#..w..####
.#....#.......#.........
##.#..#..##.###.########
#.#.....##......
.....#.#######.#
...####... ..# ...+ ....
... ...# ###


You could see a two-headed ogre and a worm.

Vanquished Creatures
  An adder (D:2)
  2 worms (D:2)
  A giant cockroach (D:3)
  5 goblins
  5 hobgoblins
  4 bats
  5 frilled lizards
  5 kobolds
  2 rats (D:2)
30 creatures vanquished.

Notes
Turn   | Place    | Note
-------+----------+-------------------------------------------
     0 | D:1      | Ordine the Octopode Fighter began the quest for the Orb.
     0 | D:1      | Reached XP level 1. HP: 16/16 MP: 1/1
   145 | D:1      | Reached XP level 2. HP: 17/21 MP: 2/2
   746 | D:2      | Reached XP level 3. HP: 26/26 MP: 3/3
   868 | D:2      | Found a white marble altar of Elyvilon.
  1340 | D:3      | Noticed a two-headed ogre
  1343 | D:3      | Mangled by a two-headed ogre

Vault maps used:
D:1:      lightli_arrival_boilingwater
D:2:      old_standard_altar, roderic_serpentine_path
D:3:      gammafunk_temple_overflow_statue, minmay_misc_feat_doors

Skill      XL: |  1  2  3 |
---------------+----------+-----
Long Blades    | 3 |  3.1
Fighting       | |  3.4
Dodging        | |  3.0
Shields        | |  3.3

Action                   || total
-------------------------++-------
Melee: Long sword        ||    42
       Constrict         ||    16
       Tentacles         ||    14
  Use: Potion            ||     1
       Scroll            ||     5
 Stab: Sleeping          ||     6
  Eat: Chunk             ||     1
Armor: Skin              ||     2
Dodge: Dodged            ||    13
Block: Shield            ||    16
       Rpst.: Long sword ||     6
